 Dungeon Crawl Stone Soup version 0.18.1-48-g4cf74bf (webtiles) character file.

158 grulito the Caller (level 5, -5/28 HPs)
             Began as a Deep Elf Summoner on June 30, 2016.
             Was an Initiate of Sif Muna.
             Killed from afar by an orc wizard (7 damage)
             ... with a magic dart
             ... on level 4 of the Dungeon.
             The game lasted 00:19:03 (4155 turns).

grulito the Caller (Deep Elf Summoner)              Turns: 4155, Time: 00:19:04

Health: -5/28      AC:  2    Str:  5    XL:     5   Next: 16%
Magic:  10/11      EV: 13    Int: 21    God:    Sif Muna [......]
Gold:   154        SH:  0    Dex: 15    Spells: 2 memorised, 7 levels left

rFire  . . .     SeeInvis .     e - +2 dagger (holy)
rCold  . . .     Gourm    .     a - +0 robe
rNeg   . . .     Faith    .     (no shield)
rPois  .         Spirit   .     (no helmet)
rElec  .         Dismiss  .     (no cloak)
rCorr  .         Reflect  .     (no gloves)
SustAt .         Harm     .     (no boots)
MR     .....                    (no amulet)
Stlth  ++........               (no ring)
                                (no ring)

@: not resistant to hostile enchantments, unstealthy
A: no striking features
a: Renounce Religion


You were on level 4 of the Dungeon.
You worshipped Sif Muna.
Sif Muna was noncommittal.
You were not hungry.

You visited 1 branch of the dungeon, and saw 4 of its levels.

You collected 154 gold pieces.

Inventory:

Hand Weapons
 d - a +0 dagger
 e - a +2 dagger of holy wrath (weapon)
 n - a +3 short sword
Armour
 a - a +0 robe (worn)
 l - a +2 pair of boots
Jewellery
 p - a cursed -2 ring of dexterity {unknown}
Scrolls
 f - a scroll of fear {unknown}
 g - 2 scrolls of enchant weapon {unknown}
 i - a scroll of remove curse {unknown}
 k - a scroll of noise {unknown}
 m - a scroll of enchant armour {unknown}
Potions
 h - a potion of magic {unknown}
 j - 3 potions of curing {unknown}
 o - 2 potions of brilliance {unknown}
Books
 b - a book of Callings

   Spells                             Type                      Level
   a - Summon Small Mammal            Summoning                    1
   b - Call Imp                       Summoning                    2
   c - Call Canine Familiar           Summoning                    3
   d - Summon Guardian Golem          Hexes/Summoning              3
   e - Summon Lightning Spire         Summoning/Air                4
   f - Summon Ice Beast               Ice/Summoning                4
Comestibles
 c - a bread ration
 q - a beef jerky
 r - a royal jelly


   Skills:
 - Level 0.2 Short Blades
 - Level 2.4 Dodging
 - Level 2.4 Stealth
 - Level 3.0 Spellcasting
 + Level 7.1 Summonings


You had 7 spell levels left.
You knew the following spells:

 Your Spells              Type           Power        Failure   Level  Hunger
a - Summon Small Mammal   Summ           ####         1%          1    None
b - Call Imp              Summ           ####....     1%          2    ##.....


Dungeon Overview and Level Annotations

Branches:
Dungeon (4/15)
 Temple: D:4-7

Altars:
Cheibriados
Fedhas
Nemelex Xobeh
Sif Muna
Yredelemnul

Annotations:
D:3 Robin


Message History

The puff of frost hits your crimson imp.
Your crimson imp is frozen!
Your crimson imp dies!
The orc closely misses your bat.
Your shadow imp completely misses the orc.
Your crimson imp hits the orc wizard but does no damage.
Your bat hits the orc. The orc wizard casts a spell at you.
The magic dart hits your bat.
Your bat dies!
Your bat's corpse disappears in a puff of smoke!
The orc wizard casts a spell at you. The puff of frost hits you!
* * * LOW HITPOINT WARNING * * *
The orc misses your shadow imp.
Your crimson imp blinks!
The orc wizard miscasts a cantrip.
The orc wizard gestures at you while chanting.
The magic dart hits you!
You die...

.......# #.#..##.#..#.#
##.###.# #.#.....#..#.#
##.###.###.#####.#..#.#
.........#..........#.#
##.#..[...<....#.##.#.#
...#.#.#######.#.##.#.#
......... #.#......#
.......### #.#.###.##
.........#.###.#@..#.#
......##.#.......#.#.#
......##.####...o5.#.#
####.###(# #.>.5###.#
## .# #.# #....# #.#
.....###.####.oo.#
.................#
.....###.####.#..#
.....# #.# #.#..#


You could see an orc wizard, 2 orcs, a friendly crimson imp and a friendly
shadow imp.

Vanquished Creatures
  A giant newt (D:3)
1 creature vanquished.

Vanquished Creatures (collateral kills)
  An ogre (D:4)
  A scorpion (D:4)
  A giant frog skeleton (D:4)
  An iguana (D:4)
  An adder (D:2)
  A shadow imp (D:4)
  An ooze (D:2)
  2 worms
  A dart slug (D:1)
  A giant gecko (D:4)
  3 giant cockroaches
  8 goblins
  11 hobgoblins
  11 jackals
  A quokka (D:3)
  A ball python (D:2)
  7 bats
  4 giant newts
  12 kobolds
  3 rats
72 creatures vanquished.

Grand Total: 73 creatures vanquished

Notes
Turn   | Place    | Note
--------------------------------------------------------------
     0 | D:1      | grulito the Deep Elf Summoner began the quest for the Orb.
     0 | D:1      | Reached XP level 1. HP: 10/10 MP: 6/6
   291 | D:1      | Reached XP level 2. HP: 8/15 MP: 6/8
   419 | D:1      | Reached skill level 5 in Summonings
  1553 | D:2      | Reached XP level 3. HP: 19/19 MP: 5/9
  2735 | D:3      | Noticed Robin
  2963 | D:4      | Found a blossoming altar of Fedhas.
  3004 | D:4      | Noticed a scorpion
  3077 | D:4      | Learned a level 2 spell: Call Imp
  3081 | D:4      | Killed a scorpion
  3081 | D:4      | Reached skill level 6 in Summonings
  3081 | D:4      | Reached XP level 4. HP: 22/24 MP: 2/10
  3319 | D:4      | Found a snail-covered altar of Cheibriados.
  3319 | D:4      | Found a basalt altar of Yredelemnul.
  3320 | D:4      | Found a sparkling altar of Nemelex Xobeh.
  3345 | D:4      | Found a deep blue altar of Sif Muna.
  3393 | D:4      | Became a worshipper of Sif Muna the Loreminder
  3518 | D:4      | Noticed an ogre
  3551 | D:4      | Killed an ogre
  3708 | D:4      | Reached skill level 7 in Summonings
  3708 | D:4      | Reached XP level 5. HP: 13/28 MP: 2/11
  4155 | D:4      | Killed from afar by an orc wizard

Skill      XL: |  1  2  3  4 |
---------------+-------------+-----
Summonings     | 5 6 7 |  7.1
Short Blades   | |  0.2
Dodging        | |  2.4
Stealth        | |  2.4
Spellcasting   | |  3.0

Action                   |  1- 3 |  4- 6 || total
-------------------------+-------+-------++-------
Melee: Dagger            |    12 |     5 ||    17
 Cast: Summon Small Mamm |   155 |     4 ||   159
       Call Imp          |     2 |    18 ||    20
  Eat: Bread ration      |     1 |       ||     1
       Meat ration       |     1 |       ||     1
       Chunk             |       |     1 ||     1
Armor: Robe              |    29 |     3 ||    32
Dodge: Dodged            |   109 |    12 ||   121
